 Dungeon Crawl Stone Soup version 0.29.1-15-g9cfb28693d (webtiles) character file.

Game seed: 6554678056241365221

57 hawla the Firebug (level 4, -1/33 HPs)
             Began as a Meteoran Fire Elementalist on Apr 20, 2023.
             Slain by an endoplasm (2 damage)
             ... on level 2 of the Dungeon.
             The game lasted 00:01:28 (221 turns).

hawla the Firebug (Meteoran Fire Elementalist)       Turns: 221, Time: 00:01:29

Health: -1/33      AC:  4    Str:  9    XL:     4   Next: 41%
Magic:  1/10       EV: 12    Int: 18    God:
Gold:   27         SH:  0    Dex: 15    Spells: 6/9 levels left

rFire   + . .      SeeInvis .   (no weapon)
rCold   . . .      Faith    .   (no shield)
rNeg    . . .      Spirit   .   a - +0 robe
rPois   .          Reflect  .   (no helmet)
rElec   .          Harm     .   (no cloak)
rCorr   .          Rampage  .   (no gloves)
Will    .....                   (no boots)
Stlth   +.........              (no amulet)
HPRegen 0.11/turn               (no ring)
MPRegen 0.12/turn               (no ring)

@: glowing
A: sense surroundings 1, otherworldly, glowing, explore regen, iridescent scales
1, fire resistance 1
a: no special abilities


You were on level 2 of the Dungeon.
You visited 1 branch of the dungeon, and saw 2 of its levels.

You collected 27 gold pieces.

Inventory:

Armour
 a - a +0 robe (worn)
Jewellery
 i - a ring of magical power
Scrolls
 c - 2 scrolls of poison {unknown}
 d - a scroll of enchant weapon {unknown}
 e - a scroll of identify {unknown}
 f - a scroll of silence {unknown}
 g - a scroll of teleportation {unknown}


   Skills:
 + Level 0.1 Fighting
 + Level 2.6 Dodging
 - Level 1.4 Stealth
 + Level 3.3 Spellcasting
 + Level 1.4 Conjurations
 + Level 5.0 Fire Magic


You had 6 spell levels left.
You knew the following spells:

 Your Spells              Type           Power      Damage    Failure   Level
a - Foxfire               Conj/Fire      56%        2x1d6     4%          1
b - Scorch                Fire           42%        2d7       3%          2

Your spell library contained the following spells:

 Spells                   Type           Power      Damage    Failure   Level
 Conjure Flame            Conj/Fire      14%        6-21      12%         3
 Sandblast                Erth           6%         2d5       16%         1
 Inner Flame              Hex/Fire       12%        N/A       17%         3
 Passwall                 Tmut/Erth      2%         N/A       24%         2
 Stone Arrow              Conj/Erth      10%        3d7       34%         3
 Flame Wave               Conj/Fire      14%        2d6       38%         4


Dungeon Overview and Level Annotations

Branches:
Dungeon (2/15) Zot: 978

Altars:


Innate Abilities, Weirdness & Mutations

You passively map a small area around you.
You are easily found by Zot.
You glow in the dark.
You regain HP and MP as you explore.
You are partially covered in iridescent scales. (AC +2)
Your flesh is heat resistant. (rF+)


Message History

You conjure some foxfire!
The gnoll is no longer more vulnerable to fire.
The gnoll hits you with a +0 whip.
* * * LOW HITPOINT WARNING * * *
The gnoll misses you.
Your magical contamination has completely faded away.
It was a potion of mutation.
You feel extremely strange.
Iridescent scales grow over part of your body.
You feel resistant to heat.
The foxfire hits the gnoll.
The gnoll is almost dead.
The foxfire hits the gnoll.
You kill the gnoll!
The gnoll closely misses you.
Your Fire Magic skill increases to level 5!
Casting: Foxfire (safe; 4% risk of failure)
Confirm with . or Enter, or press ? or * to list all spells.
You conjure some foxfire!
The gnoll misses you.
Casting: Foxfire (safe; 4% risk of failure)
Confirm with . or Enter, or press ? or * to list all spells.
Flames lash the gnoll.
The gnoll is almost dead.
The gnoll's fire resistance burns away.
The foxfire hits the endoplasm.
The endoplasm is moderately wounded.
The foxfire hits the gnoll but does no damage.
The gnoll is almost dead.
The gnoll hits you but does no damage.
Casting: Scorch (safe; 3% risk of failure)
Confirm with . or Enter, or press ? or * to list all spells.
You conjure some foxfire!
The gnoll hits you with a +0 whip.
* * * LOW HITPOINT WARNING * * *
The endoplasm barely misses you.
Casting: Foxfire (safe; 4% risk of failure)
Confirm with . or Enter, or press ? or * to list all spells.
Flames lash the gnoll.
The gnoll is burned terribly!
You kill the gnoll!
The foxfire hits the endoplasm.
The endoplasm is severely wounded.
The endoplasm hits you.
You die...

######............# #.#.#
##...........# ##...#
###†........## #...##
######..........## #.#.#
#........†.......####.#.#
..#....#.........#......#
.##.####..)(.......##..##
..#.# #.......§§v###.##
....# #.......§@## #.#
....# ##......))J.##.#
##..## ##......##.#..#
##...# #.####.# ...##
...#.# #.# #.#**.)#
.###.### #.# ,..# *..#
..^..... ..,, ## .#
####.### . .. # #.. , *


You could see an endoplasm (ally target).

Vanquished Creatures
  3 gnolls (D:2)
  3 adders (D:2)
  A worm (D:2)
  A ball python (D:2)
  A hobgoblin (D:2)
  A quokka (D:2)
  A kobold (D:2)
  A rat (D:2)
12 creatures vanquished.

Vanquished Creatures (others)
  37 foxfires (D:2)
37 creatures vanquished.

Grand Total: 49 creatures vanquished

Notes
Turn   | Place    | Note
-------+----------+-------------------------------------------
     0 | D:1      | hawla the Meteoran Fire Elementalist began the quest for
                  | the Orb.
     0 | D:1      | Reached XP level 1. HP: 14/14 MP: 5/5
     7 | D:2      | Reached skill level 4 in Fire Magic
     7 | D:2      | Reached XP level 2. HP: 20/20 MP: 3/6
    95 | D:2      | Reached XP level 3. HP: 26/26 MP: 5/8
   132 | D:2      | Learned a level 2 spell: Scorch
   216 | D:2      | Reached XP level 4. HP: 12/33 MP: 7/10
   217 | D:2      | Gained mutation: You are partially covered in iridescent
                  | scales. (AC +2) [potion of mutation]
   217 | D:2      | Gained mutation: Your flesh is heat resistant. (rF+)
                  | [potion of mutation]
   218 | D:2      | Reached skill level 5 in Fire Magic
   220 | D:2      | HP: 1/33 [gnoll/+0 whip (6)]
   221 | D:2      | Slain by an endoplasm

Illustrated notes

Levels and vault maps discovered:
D:1:      dpeg_arrival_tiny_k, layout_basic,
          hellmonk_ecumenical_altar_watching_god
D:2:      layout_rooms

Skill      XL: |  1  2  3  4 |
---------------+-------------+-----
Fire Magic     | 4 5 |  5.0
Spellcasting   | 3 |  3.3
Fighting       | |  0.1
Dodging        | |  2.6
Stealth        | |  1.4
Conjurations   | |  1.4

Action                   |  1- 3 |  4- 6 || total
-------------------------+-------+-------++-------
Melee: Unarmed           |     5 |       ||     5
 Cast: Foxfire           |    18 |     3 ||    21
       Scorch            |     3 |     2 ||     5
  Use: Potion            |     1 |     1 ||     2
Armor: Robe              |     1 |     1 ||     2
Dodge: Dodged            |     8 |     4 ||    12
